 Dungeon Crawl Stone Soup version 0.25-a0-290-g4a1327ee3a (webtiles) character file.

Game seed: 593541332196040058, levelgen mode: deterministic

194 Faustar the Spear-Bearer (level 5, -1/38 HPs)
             Began as a Merfolk Gladiator on Dec 14, 2019.
             Killed from afar by an orc wizard (11 damage)
             ... with a puff of flame
             ... on level 3 of the Dungeon.
             The game lasted 00:04:19 (2426 turns).

Faustar the Spear-Bearer (Merfolk Gladiator)        Turns: 2426, Time: 00:04:19

Health: -1/38      AC:  5    Str: 16    XL:     5   Next: 73%
Magic:  5/5        EV: 14    Int:  7    God:
Gold:   162        SH:  0    Dex: 15    Spells: 4/4 levels left

rFire    . . .     SeeInvis .   a - +0 trident
rCold    . . .     Gourm    .   (no shield)
rNeg     . . .     Faith    .   b - +0 leather armour
rPois    .         Spirit   .   c - +0 helmet
rElec    .         Reflect  .   (no cloak)
rCorr    .         Harm     .   (no gloves)
MR       .....                  n - +0 pair of boots
Stlth    ++........             (no amulet)
HPRegen  0.12/turn              (no ring)
MPRegen  0.09/turn              (no ring)

@: no status effects
A: change form in water, swift swim, stealthy swim
a: no special abilities


You were on level 3 of the Dungeon.
You were not hungry.

You visited 1 branch of the dungeon, and saw 3 of its levels.

You collected 162 gold pieces.

Inventory:

Hand Weapons
 a - a +0 trident (weapon)
Missiles
 d - 3 throwing nets (quivered)
Armour
 b - a +0 leather armour (worn)
 c - a +0 helmet (worn)
 n - a +0 pair of boots (worn)
Wands
 q - a wand of clouds (7)
 u - a wand of disintegration (15)
Scrolls
 e - a scroll of enchant weapon {unknown}
 g - a scroll of remove curse {unknown}
 h - a scroll of fog {unknown}
 i - 3 scrolls of teleportation {unknown}
 m - 2 scrolls of identify {unknown}
 o - a scroll of amnesia {unknown}
 p - a scroll of magic mapping {unknown}
Potions
 j - 2 potions of flight {unknown}
 k - a potion of brilliance {unknown}
 l - 2 potions of curing
 s - a potion of heal wounds {unknown}
 t - 2 potions of magic {unknown}
Comestibles
 f - 7 rations
 r - 4 chunks of flesh


   Skills:
 - Level 2.1 Fighting
 + Level 8.5 Polearms
 - Level 2.0 Throwing
 - Level 1.0 Armour
 - Level 4.0 Dodging
 - Level 1.0 Stealth


You had 4 spell levels left.
You didn't know any spells.
Your spell library was empty.

Dungeon Overview and Level Annotations

Branches:
Dungeon (3/15)

Altars:
Makhleb
Qazlal

Annotations:
D:3 1 runed translucent door, D1HalberdGnoll's ghost, amateur DrTm


Message History

You hear some strange, mumbled words.
Something tries to affect you, but you resist.
You barely miss something.
You hear some strange, mumbled words.
A magic dart appears from out of thin air!
The magic dart hits you but does no damage.
You barely miss something. Something hits you.
* * * LOW HITPOINT WARNING * * *
You barely miss something. Something hits you.
* * * LOW HITPOINT WARNING * * *
It was a potion of curing.
You feel better. Something hits you but does no damage.
You closely miss something. You barely miss something.
Something hits you but does no damage.
You closely miss something. Something hits you but does no damage.
You closely miss something.
You hear some strange, mumbled words.
A puff of flame appears from out of thin air!
The puff of flame hits you!
You die...

# ## ##### .## #...
..############.#
...............#########
..#############.@{......
.## #.#####.## ## #.# #
## #.# #...< ..# ...#
### ...# ##.# #.#######


There were no monsters in sight!

Vanquished Creatures
  A hound (D:2)
  7 gnolls
  2 oozes (D:1)
  2 worms
  3 dart slugs
  2 leopard geckos (D:2)
  4 orcs
  A ball python (D:2)
  5 bats
  6 giant cockroaches
  7 hobgoblins
  10 jackals
  3 kobolds
  5 frilled lizards
  7 goblins
  5 rats
70 creatures vanquished.

Notes
Turn   | Place    | Note
-------+----------+-------------------------------------------
     0 | D:1      | Faustar the Merfolk Gladiator began the quest for the Orb.
     0 | D:1      | Reached XP level 1. HP: 16/16 MP: 1/1
    84 | D:1      | Reached skill level 5 in Polearms
    84 | D:1      | Reached XP level 2. HP: 19/22 MP: 2/2
   163 | D:1      | HP: 1/22 [dart slug/slug dart (2)]
   165 | D:1      | Reached XP level 3. HP: 1/27 MP: 3/3
   503 | D:1      | Reached skill level 6 in Polearms
  1017 | D:2      | Reached XP level 4. HP: 33/33 MP: 4/4
  1074 | D:2      | Found a stormy altar of Qazlal.
  1109 | D:2      | Found a burning altar of Makhleb.
  1116 | D:2      | Reached skill level 7 in Polearms
  1116 | D:2      | Reached skill level 1 in Armour
  1116 | D:2      | Reached skill level 1 in Stealth
  1406 | D:2      | Reached XP level 5. HP: 38/38 MP: 5/5
  2083 | D:3      | Noticed D1HalberdGnoll's ghost (amateur DrTm)
  2086 | D:3      | Found a runed translucent door.
  2113 | D:3      | Reached skill level 8 in Polearms
  2426 | D:3      | Killed from afar by an orc wizard

Levels and vault maps discovered:
D:1:      nzn_arrival_depleted_hourglass, layout_rooms
D:2:      layout_loops_corners, nicolae_overflow_hidden_temple,
          makhleb_blood_cavern_becter, uniq_natasha
D:3:      layout_loops_ring, old_standard_altar, hellmonk_ghost_happy_afterlife,
          minmay_misc_feat_x

Skill      XL: |  1  2  3  4  5 |
---------------+----------------+-----
Polearms       | 5 6 7 8 |  8.5
Armour         | 1 |  1.0
Stealth        | 1 |  1.0
Fighting       | |  2.1
Throwing       | |  2.0
Dodging        | |  4.0

Action                   |  1- 3 |  4- 6 || total
-------------------------+-------+-------++-------
Melee: Trident           |    87 |   196 ||   283
  Use: Potion            |       |     1 ||     1
 Stab: Sleeping          |     2 |     6 ||     8
       Distracted        |       |     1 ||     1
  Eat: Chunk             |       |     5 ||     5
Armor: Leather armour    |    24 |    32 ||    56
Dodge: Dodged            |    63 |    88 ||   151

Table legend:
 A = Non-vault XP
 B = Vault XP
 C = Vault XP percentage of total XP
 D = Non-vault monster count
 E = Vault monster count
 F = Vault count percentage of total count
                 A         B        C        D         E       F
            +---------+---------+-------+---------+---------+-------
      Total |     233 |      45 |  16.2 |      69 |       1 |   1.4
            +---------+---------+-------+---------+---------+-------
        D:1 |      46 |       0 |   0.0 |      19 |       0 |   0.0
        D:2 |     109 |      45 |  29.2 |      30 |       1 |   3.2
        D:3 |      78 |       0 |   0.0 |      20 |       0 |   0.0
            +---------+---------+-------+---------+---------+-------
